[Event "*** SCC Grand Prix: Titled Tuesday Blitz"]
[Site "Chess.com"]
[Date "2020.06.02"]
[Round "9"]
[White "tylityli"]
[Black "pavelalexandru07"]
[Result "1-0"]
[WhiteElo "2280"]
[BlackElo "2119"]
[TimeControl "180+1"]
[EndTime "11:46:13 PDT"]
[Termination "tylityli won by resignation"]

1. d4 Nf6 2. c4 c5 3. d5 e6 4.
Nc3 exd5 5. cxd5 d6 6. e4 g6 7.
Nge2 Bg7 8. Ng3 O-O 9. Be2 Re8 10.
O-O h5 11. Bg5 Nbd7 12. Bxh5 gxh5 13. Nxh5 Qb6 14. Nxg7 Kxg7 15. Qf3 Rg8 16. b3 Qd8 17. h4 Qe7 18. Qe3 b5 19. f4 b4 20. e5 Kf8 21. Ne4 Rxg5 22. hxg5 Nxe4 23. Qxe4 dxe5 24. d6 Qxd6 25. Qxa8 Qd4+ 26. Kh1 exf4 27. Qxc8+ Ke7 28. Rfe1+ Ne5 1-0

[Event "*** SCC Grand Prix: Titled Tuesday Blitz"]
[Site "Chess.com"]
[Date "2020.06.02"]
[Round "9"]
[White "Dmitry_M1"]
[Black "Malysch"]
[Result "0-1"]
[WhiteElo "2386"]
[BlackElo "2513"]
[TimeControl "180+1"]
[EndTime "11:46:16 PDT"]
[Termination "Malysch won on time"]

1. d4 Nf6 2. c4 c5 3. d5 b5 4.
cxb5 a6 5. b6 g6 6. Nc3 d6 7. a4 Qxb6 8. a5 Qb4 9. Ra4 Qb7 10.
e4 Bg7 11. Nf3 O-O 12. Be2 Bd7 13. Ra3 Bb5 14. O-O Nbd7 15. Nd2 Rab8 16. h3 Ne8 17.
Nc4 Bxc4 18. Bxc4 Nc7 19. Kh1 Nb5 20. Rb3 Nxc3 21. bxc3 Qc7 22. Bxa6 Qxa5 23. Ra3 Qc7 24. Be2 c4 25. Be3 Nc5 26. f3 Rb3 27. Rxb3 cxb3 28.
Bd4 Rb8 29. Qd2 b2 30. Rb1 Na4 31. Bd1 Nxc3 0-1

[Event "*** SCC Grand Prix: Titled Tuesday Blitz"]
[Site "Chess.com"]
[Date "2020.06.02"]
[Round "9"]
[White "novendrapriasmoro"]
[Black "rasmussvane"]
[Result "0-1"]
[WhiteElo "2630"]
[BlackElo "2896"]
[TimeControl "180+1"]
[EndTime "11:46:17 PDT"]
[Termination "rasmussvane won on time"]

1. e4 c6 2. d4 d5 3. Nd2 dxe4 4. Nxe4 Nf6 5. Nxf6+ exf6 6. c3 Bd6 7. Bd3 O-O 8.
Qc2 Re8+ 9. Ne2 h5 10. Bd2 Nd7 11. O-O-O Nf8 12. c4 Be6 13. Nc3 Rc8 14. Kb1 Bb4 15. Be3 b5 16. c5 Bxc3 17. Qxc3 Qd5 18. b3 Qxg2 19. Rhg1 Qd5 20. Qc2 Ng6 21. Ka1 Bg4 22.
Rde1 f5 23. Qb2 Rcd8 24. Bg5 f6 25. Be3 Nh4 26. h3 Bxh3 27. Rh1 Nf3 28. Rd1 Bg4 29.
Bc2 f4 30. Bxf4 Nxd4 31. Rc1 Nxc2+ 0-1

[Event "*** SCC Grand Prix: Titled Tuesday Blitz"]
[Site "Chess.com"]
[Date "2020.06.02"]
[Round "9"]
[White "Happy1712Drummer"]
[Black "Misticpikachu"]
[Result "1-0"]
[WhiteElo "2454"]
[BlackElo "2271"]
[TimeControl "180+1"]
[EndTime "11:46:17 PDT"]
[Termination "Happy1712Drummer won on time"]

1. d4 d5 2. Nf3 e6 3. g3 Nf6 4. Bg2 Be7 5. O-O O-O 6. c4 dxc4 7.
Ne5 Nc6 8. Bxc6 bxc6 9. Nc3 c5 10.
dxc5 Bxc5 11. Nxc4 Bb7 12. Be3 Bb6 13. Qxd8 Rfxd8 14.
Rfd1 Kf8 15. f3 Ke7 16. Nxb6 axb6 17. Bf4 Rxd1+ 18. Rxd1 Rc8 19. e4 Nd7 20. Nb5 e5 21. Bg5+ f6 22. Be3 Ba6 23. Na7 1-0

[Event "*** SCC Grand Prix: Titled Tuesday Blitz"]
[Site "Chess.com"]
[Date "2020.06.02"]
[Round "9"]
[White "marszach123"]
[Black "pfalcon1949"]
[Result "1-0"]
[WhiteElo "2131"]
[BlackElo "2002"]
[TimeControl "180+1"]
[EndTime "11:46:18 PDT"]
[Termination "marszach123 won by resignation"]

1. e4 e6 2. d4 d5 3. Nc3 Bb4 4. e5 c5 5. a3 Bxc3+ 6. bxc3 Qa5 7. Bd2 Qa4 8. Qg4 Kf8 9. Nf3 b6 10. Be2 Ne7 11. O-O Qxc2 12. Qf4 Qf5 13. Qe3 Qe4 14.
a4 Bb7 15. a5 Nd7 16. Bb5 Qxe3 17. fxe3 Ke8 18. Ng5 a6 19. Nxf7 Rf8 20. Nd6+ Kd8 21. Nxb7+ Kc7 22. Bxd7 Kxd7 23. axb6 Rxf1+ 24. Kxf1 c4 25.
Nc5+ Kc6 26. b7 Kb6 27. bxa8=Q 1-0

[Event "*** SCC Grand Prix: Titled Tuesday Blitz"]
[Site "Chess.com"]
[Date "2020.06.02"]
[Round "9"]
[White "Oleksandr_Bortnyk"]
[Black "VincentKeymer"]
[Result "0-1"]
[WhiteElo "2948"]
[BlackElo "2809"]
[TimeControl "180+1"]
[EndTime "11:46:19 PDT"]
[Termination "VincentKeymer won by resignation"]

1. d4 Nf6 2. Nc3 d5 3. Bf4 a6 4. e3 c5 5. Nf3 Nc6 6. a3 cxd4 7. exd4 Bg4 8. Be2 e6 9. h3 Bh5 10. g4 Bg6 11. Ne5 Nxe5 12. Bxe5 Bd6 13. Qd2 Rc8 14. O-O h5 15. g5 Bxe5 16. dxe5 Nd7 17. Qe3 d4 18.
Qxd4 Qxg5+ 19. Kh2 Qxe5+ 20. Qxe5 Nxe5 21. f4 Nc6 22. Rad1 Bxc2 23. Rd2 Bf5 24. Rfd1 Rd8 25. Rxd8+ Nxd8 26.
Na4 Bc2 27. Rd4 Nc6 28. Rc4 Bb3 29. Rxc6 bxc6 30. Nc5 Bd5 31. Bxa6 Ke7 32. a4 Rb8 33. Bb7 Kd6 34. b4 Kc7 35. Kg3 Rxb7 36. Nxb7 Kxb7 37. Kh4 f6 38. Kxh5 e5 39. fxe5 fxe5 40. Kg5 Bb3 41. a5 e4 42. Kf4 Bd5 43. h4 Ka6 44. h5 Kb5 45. Ke3 Kxb4 46. a6 c5 47. a7 Ba8 48. Kf4 Kb5 49. Ke5 e3 50. h6 gxh6 51.
Kd6 e2 0-1

[Event "*** SCC Grand Prix: Titled Tuesday Blitz"]
[Site "Chess.com"]
[Date "2020.06.02"]
[Round "9"]
[White "ErikRonka"]
[Black "serhanberat_ozdemir"]
[Result "1-0"]
[WhiteElo "2408"]
[BlackElo "2500"]
[TimeControl "180+1"]
[EndTime "11:46:19 PDT"]
[Termination "ErikRonka won by checkmate"]

1. d4 Nf6 2. Nc3 d5 3. e4 dxe4 4. f3 exf3 5. Nxf3 e6 6. Bg5 Be7 7. Qd2 b6 8. O-O-O Bb7 9. Bd3 h6 10. Bh4 Nc6 11. Kb1 Nb4 12. Bb5+ c6 13. Be2 Nbd5 14.
Rhg1 Nxc3+ 15. bxc3 Ne4 16. Qd3 Bxh4 17. Qxe4 Be7 18.
g4 Qd5 19. Qe3 Qa5 20. Ne5 O-O 21. h4 c5 22. g5 cxd4 23. Rxd4 hxg5 24. hxg5 Rac8 25.
Nd7 Rxc3 26. Nf6+ Bxf6 27. gxf6 Rfc8 28. Rxg7+ Kf8 29. Qh6 Rh3 30. Rg8+ Kxg8 31. Qg7# 1-0

[Event "*** SCC Grand Prix: Titled Tuesday Blitz"]
[Site "Chess.com"]
[Date "2020.06.02"]
[Round "9"]
[White "gemarin"]
[Black "fabianvivasz"]
[Result "0-1"]
[WhiteElo "2027"]
[BlackElo "2284"]
[TimeControl "180+1"]
[EndTime "11:46:19 PDT"]
[Termination "fabianvivasz won by checkmate"]

1. d4 Nf6 2. c4 g6 3. Nc3 d5 4. Nf3 Bg7 5. Qb3 dxc4 6. Qxc4 O-O 7. Bf4 Be6 8. Qxc7 Qxc7 9. Bxc7 Nc6 10. e3 Rac8 11.
Bg3 Nb4 12. Kd1 Nfd5 13. a3 Nxc3+ 14. bxc3 Nd5 15. c4 Nc3+ 16. Kc2 Bxc4 17. Bxc4 Rxc4 18. Kb3 Rc6 19. Rhc1 Rfc8 20. a4 Rb6+ 21. Ka3 e5 22.
Rxc3 Rxc3+ 23. Ka2 Rc2+ 24. Ka3 Bf8# 0-1

[Event "*** SCC Grand Prix: Titled Tuesday Blitz"]
[Site "Chess.com"]
[Date "2020.06.02"]
[Round "9"]
[White "Ginger_GM"]
[Black "LiemLe"]
[Result "0-1"]
[WhiteElo "2594"]
[BlackElo "2887"]
[TimeControl "180+1"]
[EndTime "11:46:20 PDT"]
[Termination "LiemLe won by resignation"]

1. f4 d5 2. e3 g6 3. Nf3 Bg7 4.
Be2 Nd7 5. Nc3 Ngf6 6. O-O O-O 7. d3 c6 8. Kh1 Qc7 9. e4 dxe4 10. dxe4 e5 11. f5 Nc5 12. Nd2 b5 13. a3 a5 14. Qe1 Rb8 15. Qh4 b4 16. axb4 axb4 17. Nd1 Qd8 18. Bf3 gxf5 19. exf5 Bxf5 20. Bxc6 Bg6 21. Ne3 Rc8 22. Bb5 Nfe4 23. Qe1 f5 24.
Bc4+ Kh8 25. Nb3 f4 26. Nd5 Nd6 27. Nxc5 Nxc4 28. Ne6 Qxd5 29. Nxf8 Rxf8 30. b3 Nd6 31. Qxb4 Bxc2 32. Ra7 Be4 33. Rg1 f3 34. Ra5 fxg2+ 0-1

[Event "*** SCC Grand Prix: Titled Tuesday Blitz"]
[Site "Chess.com"]
[Date "2020.06.02"]
[Round "9"]
[White "thedjoker98"]
[Black "nitpicker"]
[Result "1-0"]
[WhiteElo "2450"]
[BlackElo "2238"]
[TimeControl "180+1"]
[EndTime "11:46:20 PDT"]
[Termination "thedjoker98 won on time"]

1. d4 Nf6 2. c4 e6 3. Nc3 Bb4 4. g3 c5 5. Nf3 cxd4 6. Nxd4 a6 7. Bg2 Qc7 8. O-O Qxc4 9. Bg5 Bxc3 10. Rc1 Nc6 11.
Nxc6 bxc6 12. Rxc3 Qb4 13. Be3 Nd5 14. Bxd5 cxd5 15.
Bc5 Qxb2 16. Qd4 f6 17. Bf8 Kf7 18. Ba3 Qb5 19. Rfc1 Bb7 20. Rb3 Qxe2 21. Rxb7 Rhd8 22. Rcc7 Ke8 23. Qb4 Kf7 24. Rxd7+ Rxd7 25. Rxd7+ Kg6 26. Qb1+ Qe4 27. Qxe4+ dxe4 28. Re7 e5 29. Kg2 f5 30.
Rxe5 Rc8 31. Rc5 Rd8 32. Ra5 Rd2 33. Bc1 Rc2 34. Rxa6+ 1-0

[Event "*** SCC Grand Prix: Titled Tuesday Blitz"]
[Site "Chess.com"]
[Date "2020.06.02"]
[Round "9"]
[White "Loiacono_Antonio"]
[Black "CalinGheorghiu"]
[Result "0-1"]
[WhiteElo "2399"]
[BlackElo "2323"]
[TimeControl "180+1"]
[EndTime "11:46:20 PDT"]
[Termination "CalinGheorghiu won by resignation"]

1. e4 c5 2. Nf3 d6 3. Bb5+ Nd7 4. O-O a6 5. Bd3 Ngf6 6. Re1 e5 7. c3 g6 8. Bc2 Bg7 9. d4 O-O 10. dxe5 dxe5 11.
a4 Qc7 12. Bg5 Rb8 13. a5 Re8 14. Nbd2 Nf8 15. Nc4 h6 16. Bh4 Nh5 17. Ba4 Re6 18. Bb3 Nf4 19. Bg3 Bd7 20. Nb6 Rd6 21. Qc2 Bc6 22. Rad1 Rbd8 23. Rxd6 Rxd6 24. Rd1 Rxd1+ 25. Qxd1 Bxe4 26. Nd2 Bc6 27. Ndc4 Nxg2 28. Qd6 Qxd6 29. Nxd6 Ne1 30. Nxf7 Nf3+ 31. Kg2 Nd2+ 32. Kh3 Nxb3 33. Nxe5 Nxa5 34. Nd3 Ne6 35. Nc8 Ng5+ 36. Kg4 Bd7+ 37.
Kf4 Bxc8 38. Nxc5 Nc6 39. Ke3 Ne6 0-1

[Event "*** SCC Grand Prix: Titled Tuesday Blitz"]
[Site "Chess.com"]
[Date "2020.06.02"]
[Round "9"]
[White "DonPreuss"]
[Black "MateSchmate"]
[Result "0-1"]
[WhiteElo "2233"]
[BlackElo "2379"]
[TimeControl "180+1"]
[EndTime "11:46:22 PDT"]
[Termination "MateSchmate won on time"]

1. d4 c5 2. e4 cxd4 3. Qxd4 Nc6 4. Qd1 Nf6 5. Nc3 e5 6. Bc4 Bc5 7. Bg5 Qb6 8. Qd2 Bd4 9. Bxf6 gxf6 10. Nd5 Qxb2 11.
Nxf6+ Kd8 12. Qg5 Qxa1+ 13. Ke2 Kc7 14. Nd5+ Kb8 15. Qf6 Bc5 16. Qxh8 Nd4+ 17. Kd2 Nc6 18. Nf3 Qxh1 19. Nxe5 a6 20. Nxd7+ Ka7 21. Nxc5 Qxg2 22. Qf6 Qxh2 23. Bxa6 Rb8 24. Bb5 Qe5 0-1

[Event "*** SCC Grand Prix: Titled Tuesday Blitz"]
[Site "Chess.com"]
[Date "2020.06.02"]
[Round "9"]
[White "lucachess49"]
[Black "pedro_nascimento85"]
[Result "1-0"]
[WhiteElo "2249"]
[BlackElo "1945"]
[TimeControl "180+1"]
[EndTime "11:46:25 PDT"]
[Termination "lucachess49 won by resignation"]

1. d4 d5 2. c4 e6 3. Nc3 Be7 4. cxd5 exd5 5. Bf4 Nf6 6. e3 O-O 7. Bd3 c6 8. h3 Nbd7 9. Nf3 Re8 10. O-O Nf8 11. Ne5 Ng6 12. Nxg6 hxg6 13. a3 a5 14. Rb1 Bf5 15. b4 axb4 16. axb4 Bxd3 17. Qxd3 Ra3 18. Qc2 Qb6 19. Na4 Qa6 20. Nc5 Qa7 21. b5 cxb5 22.
Rxb5 Bxc5 23. Rxc5 b6 24. Rc7 Qa4 25. Qxa4 Rxa4 26.
Rb1 Ra6 27. Rc6 Nd7 28. Rd6 Rd8 29. Rxd5 Raa8 30. Bc7 Nf6 31. Rxd8+ 1-0

[Event "*** SCC Grand Prix: Titled Tuesday Blitz"]
[Site "Chess.com"]
[Date "2020.06.02"]
[Round "9"]
[White "attack2mateU"]
[Black "Zq1"]
[Result "0-1"]
[WhiteElo "2698"]
[BlackElo "2554"]
[TimeControl "180+1"]
[EndTime "11:46:26 PDT"]
[Termination "Zq1 won by resignation"]

1. e4 c5 2. Nf3 d6 3. d4 cxd4 4.
Nxd4 Nf6 5. Nc3 Nc6 6. Bg5 e6 7. Qd2 Be7 8. O-O-O O-O 9. h4 h6 10. Nxc6 bxc6 11. Be2 Rb8 12. Be3 Qa5 13. Qd4 c5 14.
Qd3 Bb7 15. f3 Bc6 16. g4 Qb4 17. b3 d5 18. exd5 exd5 19. g5 d4 20. gxf6 dxc3 21.
Kb1 Bxf6 22. Qf5 Rfe8 23. Bd3 Rxe3 24. Qh7+ Kf8 25. Rhe1 Rxe1 26. Rxe1 g6 27. Bc4 Qb7 28. Qxh6+ Bg7 29. Qh7 Bd5 30. Bd3 c4 31. Be4 cxb3 0-1

[Event "*** SCC Grand Prix: Titled Tuesday Blitz"]
[Site "Chess.com"]
[Date "2020.06.02"]
[Round "9"]
[White "ajdemipopushi"]
[Black "MomchilPetkov"]
[Result "0-1"]
[WhiteElo "2337"]
[BlackElo "2544"]
[TimeControl "180+1"]
[EndTime "11:46:26 PDT"]
[Termination "MomchilPetkov won by checkmate"]

1. Nf3 Nf6 2. g3 d5 3. c4 c6 4.
Bg2 Bf5 5. cxd5 cxd5 6. Qb3 Nc6 7. Nc3 e5 8. O-O Be7 9. Qxb7 Bd7 10. Qb3 Rb8 11. Qd1 d4 12. Nb1 e4 13. Ne1 h5 14. d3 h4 15. dxe4 hxg3 16. hxg3 Qa5 17. e3 Bg4 18. f3 Qh5 19. Qa4 Bd7 20. exd4 Nxd4 21. Qd1 Nxe4 22. Rf2 Qh2+ 23. Kf1 Nxg3# 0-1

[Event "*** SCC Grand Prix: Titled Tuesday Blitz"]
[Site "Chess.com"]
[Date "2020.06.02"]
[Round "9"]
[White "medalja"]
[Black "Reinaldovera"]
[Result "1-0"]
[WhiteElo "2411"]
[BlackElo "2238"]
[TimeControl "180+1"]
[EndTime "11:46:26 PDT"]
[Termination "medalja won on time"]

1. d4 Nf6 2. c4 e6 3. Nf3 c5 4. d5 d6 5. Nc3 exd5 6. cxd5 g6 7. Bf4 Bg7 8. Qa4+ Bd7 9. Qb3 Qc7 10. e4 O-O 11. Bd3 Na6 12. O-O Nb4 13. Be2 Rfe8 14.
a3 Nxe4 15. Nb5 Bxb5 16. Bxb5 Nc6 17. dxc6 bxc6 18. Bd3 Rab8 19. Qc2 Rxb2 20. Qa4 Nc3 21. Qc4 Nd5 22. Bg3 Qd7 23. Rab1 Nb6 24. Qc1 Rxb1 25. Bxb1 c4 26. a4 d5 27. a5 Na4 28. Bc2 Nc3 29.
Qa3 Re2 30. Bb1 1-0

[Event "*** SCC Grand Prix: Titled Tuesday Blitz"]
[Site "Chess.com"]
[Date "2020.06.02"]
[Round "9"]
[White "allvim"]
[Black "KejJaj"]
[Result "1/2-1/2"]
[WhiteElo "2302"]
[BlackElo "2085"]
[TimeControl "180+1"]
[EndTime "11:46:26 PDT"]
[Termination "Game drawn by repetition"]

1. e4 c5 2. Nf3 d6 3. d4 cxd4 4.
Nxd4 Nf6 5. Nc3 g6 6. Be3 Bg7 7. Bc4 O-O 8. f3 Nc6 9. Bb3 Nd7 10. Qd2 Nb6 11. O-O-O Na5 12. h4 Nbc4 13. Qf2 Nxe3 14. Qxe3 Nxb3+ 15. Nxb3 a5 16. a4 Bd7 17. h5 b5 18. hxg6 hxg6 19. Qg5 bxa4 20. Qh4 Re8 21. Nd4 a3 22. Rh2 axb2+ 23. Kb1 e5 24. Qh7+ Kf8 25.
Rdh1 exd4 26. Nd5 g5 27. Qxg7+ Kxg7 28. Rh7+ Kg8 29. Rh8+ Kg7 30. R1h7+ Kg6 31. Rh6+ Kg7 32. R8h7+ Kg8 33. Rh8+ Kg7 34. R8h7+ Kg8 35. Rh8+ Kg7 1/2-1/2

[Event "*** SCC Grand Prix: Titled Tuesday Blitz"]
[Site "Chess.com"]
[Date "2020.06.02"]
[Round "9"]
[White "KaterynaLagno"]
[Black "Vesper2018"]
[Result "0-1"]
[WhiteElo "2663"]
[BlackElo "2403"]
[TimeControl "180+1"]
[EndTime "11:46:27 PDT"]
[Termination "Vesper2018 won by resignation"]

1. e4 c5 2. Nf3 d6 3. Bb5+ Bd7 4. Bxd7+ Nxd7 5. O-O Ngf6 6. Qe2 g6 7. c3 Bg7 8. d4 e5 9. Rd1 Qe7 10. dxe5 dxe5 11.
Na3 O-O 12. Nc4 Rad8 13. a4 Nb8 14. Rxd8 Rxd8 15. Bg5 Nc6 16. Rd1 h6 17. Bxf6 Bxf6 18. Rd5 b6 19. Ne3 h5 20. g3 Kg7 21. h4 Qc7 22. Rxd8 Qxd8 23. Nd5 Ne7 24. Nxf6 Kxf6 25. Ng5 Kg7 26. Qc4 Qe8 27. a5 f6 28. Ne6+ Kh6 29. a6 Qf7 30. Qb3 Qg8 31. Kg2 f5 32. exf5 gxf5 33. Qc4 f4 34. b3 fxg3 35. fxg3 Nf5 36.
Ng5 Ne3+ 0-1

[Event "*** SCC Grand Prix: Titled Tuesday Blitz"]
[Site "Chess.com"]
[Date "2020.06.02"]
[Round "9"]
[White "GregShahade"]
[Black "BIG_Pirate"]
[Result "1-0"]
[WhiteElo "2566"]
[BlackElo "2356"]
[TimeControl "180+1"]
[EndTime "11:46:27 PDT"]
[Termination "GregShahade won by resignation"]

1. e4 d5 2. exd5 Qxd5 3. Nc3 Qa5 4. d4 Nf6 5. Nf3 Bg4 6. h3 Bh5 7. g4 Bg6 8. Ne5 e6 9. h4 Bb4 10. Bd2 Nbd7 11. Nxd7 Kxd7 12. h5 Be4 13. Rh3 Rad8 14.
g5 Bxc3 15. Rxc3 Ne8 16. Rc5 Qb6 17. Qg4 Bc6 18. O-O-O a6 19. Ba5 Qa7 20. Qf4 Rf8 21. Bb4 Nd6 22. d5 Bxd5 23. Rdxd5 exd5 24. Bh3+ f5 25.
gxf6+ Ke8 26. Qe5+ 1-0

[Event "*** SCC Grand Prix: Titled Tuesday Blitz"]
[Site "Chess.com"]
[Date "2020.06.02"]
[Round "9"]
[White "Spartakus1975"]
[Black "TST2014"]
[Result "1-0"]
[WhiteElo "2691"]
[BlackElo "2512"]
[TimeControl "180+1"]
[EndTime "11:46:29 PDT"]
[Termination "Spartakus1975 won by checkmate"]

1. e4 c5 2. c3 Nf6 3. e5 Nd5 4. Nf3 Nc6 5. d4 cxd4 6. cxd4 d6 7. Bc4 Nb6 8. Bb3 d5 9. Nh4 g6 10. O-O Bg7 11. Nc3 Bf5 12. Nxf5 gxf5 13. Be3 e6 14. Ne2 Qh4 15. Rc1 O-O-O 16. Ba4 Nxa4 17. Qxa4 Kb8 18.
Rc3 Rc8 19. Rfc1 Bxe5 20. g3 Qg4 21. Nf4 Bd6 22. h3 Qg7 23. b4 Nxd4 24. Rxc8+ Rxc8 25. Rxc8+ Kxc8 26. Qe8+ Kc7 27. Bxd4 Qxd4 28. Qxf7+ Kc6 29.
Nxe6 Qd1+ 30. Kg2 Qe1 31. Qe8+ Kb6 32. Qd8+ Kc6 33. Nd4# 1-0

[Event "*** SCC Grand Prix: Titled Tuesday Blitz"]
[Site "Chess.com"]
[Date "2020.06.02"]
[Round "9"]
[White "qqwow"]
[Black "freshfoodcompany"]
[Result "1-0"]
[WhiteElo "2360"]
[BlackElo "2208"]
[TimeControl "180+1"]
[EndTime "11:46:31 PDT"]
[Termination "qqwow won by resignation"]

1. d4 d5 2. Bg5 Nf6 3. Nd2 e6 4. e3 Be7 5. Bd3 h6 6. Bf4 O-O 7. h3 c5 8. c3 Nc6 9. Ngf3 Bd6 10.
Bxd6 Qxd6 11. Qe2 e5 12. dxc5 Qxc5 13. e4 d4 14. cxd4 Nxd4 15. Nxd4 Qxd4 16. Nf3 Qb4+ 17. Qd2 Qb6 18. O-O Rd8 19. Qc3 Be6 20. Qa3 Rac8 21. Rac1 Nh5 22. Rxc8 Bxc8 23. Rc1 Qg6 24. Qe7 Qf6 25.
Qxe5 Qxe5 26. Nxe5 f6 27. Bc4+ Kh7 28. Nf3 Nf4 29. Bf1 Be6 30. a3 Rc8 31. Rxc8 Bxc8 32. e5 fxe5 33. Nxe5 Ng6 34. Bd3 1-0

[Event "*** SCC Grand Prix: Titled Tuesday Blitz"]
[Site "Chess.com"]
[Date "2020.06.02"]
[Round "9"]
[White "isainz"]
[Black "tomasdanada"]
[Result "1-0"]
[WhiteElo "2148"]
[BlackElo "2203"]
[TimeControl "180+1"]
[EndTime "11:46:31 PDT"]
[Termination "isainz won by resignation"]

1. e4 c6 2. d4 d5 3. e5 Bf5 4. Nf3 e6 5. Be2 Ne7 6. Be3 Bg6 7. Nbd2 Nf5 8. Bg5 Qb6 9. Nb3 a5 10. c4 a4 11. c5 Qa7 12. Nbd2 a3 13. bxa3 Qxa3 14. O-O h6 15. Bf4 Be7 16. g4 Nh4 17.
Nxh4 Bxh4 18. Nf3 Be7 19. Qb3 Qxb3 20. axb3 Rxa1 21. Rxa1 Kd7 22. Ra7 Kc7 23. b4 Na6 24. Bxa6 Rb8 25. b5 Kc8 26. bxc6 bxa6 27. Rxe7 Be4 28. Nd2 a5 29. Re8+ Kc7 30. Rxb8 Kxb8 31. Nxe4 dxe4 32. Bc1 Kc7 33. Kf1 Kxc6 34. Ke2 Kd5 35. Ke3 a4 36. Ba3 f6 37. exf6 gxf6 38.
h4 e5 39. dxe5 Kxe5 40. Bb2+ Kd5 41. Bxf6 Kxc5 42. Kxe4 a3 43. g5 a2 44. gxh6 Kd6 45. h7 Ke6 46. Ba1 Kf7 47. h8=Q Kg6 48. Qf6+ 1-0

[Event "*** SCC Grand Prix: Titled Tuesday Blitz"]
[Site "Chess.com"]
[Date "2020.06.02"]
[Round "9"]
[White "JosefineHeinemann"]
[Black "Sethu0025"]
[Result "1/2-1/2"]
[WhiteElo "2576"]
[BlackElo "2773"]
[TimeControl "180+1"]
[EndTime "11:46:32 PDT"]
[Termination "Game drawn by agreement"]

1. e4 c5 2. Nf3 d6 3. d4 cxd4 4. Nxd4 Nf6 5. Nc3 a6 6. f3 e6 7. Be3 b5 8. Qd2 b4 9. Na4 Nbd7 10. g4 h6 11. O-O-O Ne5 12. h4 Bd7 13. Qxb4 Rb8 14.
Qa3 Qa5 15. Nc3 Qxa3 16. bxa3 d5 17. exd5 Bxa3+ 18. Kd2 exd5 19. Bxa6 O-O 20. Rb1 Rbe8 21.
Rhe1 Bc5 22. Be2 Nc6 23. Ncb5 Re7 24. c3 Ne5 25. a4 Ra8 26. Ra1 Nc4+ 27. Bxc4 dxc4 28.
Bf2 Rxe1 29. Bxe1 Nd5 30. Bg3 Bxd4 31. Nxd4 Rxa4 32. Rxa4 Bxa4 33. Bd6 f6 34. Nf5 Bc6 35. Ne7+ Nxe7 36. Bxe7 Bxf3 37. g5 fxg5 38. hxg5 h5 39. Ke3 Bd1 40. Kf4 Kf7 41. Bc5 Ke6 42.
Kg3 Kf5 43. Bd4 g6 44. Kh4 Be2 45. Bf6 Ke4 46. Bd4 Bg4 47. Bf6 Bf5 48. Bd4 Kd3 49.
Bf6 Kc2 50. Bd4 1/2-1/2

[Event "*** SCC Grand Prix: Titled Tuesday Blitz"]
[Site "Chess.com"]
[Date "2020.06.02"]
[Round "9"]
[White "Funkmaus"]
[Black "Stronger1799"]
[Result "1-0"]
[WhiteElo "2207"]
[BlackElo "2314"]
[TimeControl "180+1"]
[EndTime "11:46:32 PDT"]
[Termination "Funkmaus won by checkmate"]

1. d4 Nf6 2. Nf3 g6 3. g3 Bg7 4.
Bg2 O-O 5. O-O d5 6. c4 Nc6 7. cxd5 Nxd5 8. e4 Nb6 9. Be3 Nc4 10. Nc3 Bg4 11. Qe2 Bxf3 12. Qxc4 Nxd4 13. Bxd4 Bxg2 14. Bxg7 Bxf1 15. Rxf1 Kxg7 16. Rd1 Qe8 17. Qxc7 b6 18. Nd5 e6 19. Qc3+ f6 20. Nc7 Qe7 21. Nxa8 Rxa8 22.
Qc6 Rd8 23. Rxd8 Qxd8 24. Qxe6 Qd1+ 25. Kg2 Qc2 26. b4 b5 27. h4 Kh6 28. h5 Kxh5 29.
Qh3+ Kg5 30. Qh4# 1-0

[Event "*** SCC Grand Prix: Titled Tuesday Blitz"]
[Site "Chess.com"]
[Date "2020.06.02"]
[Round "9"]
[White "Gajuchess"]
[Black "stolencandy13"]
[Result "1-0"]
[WhiteElo "2759"]
[BlackElo "2568"]
[TimeControl "180+1"]
[EndTime "11:46:33 PDT"]
[Termination "Gajuchess won by checkmate"]

1. e4 c6 2. d4 d5 3. e5 Bf5 4. h4 h5 5. Bd3 Bxd3 6. Qxd3 e6 7. Bg5 Qb6 8. Nd2 Ne7 9. Ngf3 Nf5 10.
O-O Qa6 11. c4 Nd7 12. Qc2 Bb4 13. cxd5 cxd5 14. Rfc1 O-O 15. Nf1 Nb6 16. Ne3 Nxe3 17. Bxe3 Rac8 18. Qd1 Rxc1 19. Rxc1 Rc8 20. Rxc8+ Nxc8 21.
Ng5 g6 22. g4 hxg4 23. Qxg4 Qxa2 24. Nxe6 Ne7 25. Nf4 Qxb2 26. Qd7 Qb1+ 27. Kh2 Nf5 28. e6 Nh6 29. exf7+ Nxf7 30. Qe8+ Kg7 31. Ne6+ Kf6 32. Bg5+ Nxg5 33. hxg5+ Kf5 34. Qf7+ Kg4 35. Qf4+ Kh5 36. Ng7# 1-0

[Event "*** SCC Grand Prix: Titled Tuesday Blitz"]
[Site "Chess.com"]
[Date "2020.06.02"]
[Round "9"]
[White "H16"]
[Black "Alexander_Donchenko"]
[Result "0-1"]
[WhiteElo "2521"]
[BlackElo "2693"]
[TimeControl "180+1"]
[EndTime "11:46:35 PDT"]
[Termination "Alexander_Donchenko won by resignation"]

1. d4 Nf6 2. c4 e6 3. Nf3 c5 4. d5 d6 5. Nc3 exd5 6. cxd5 g6 7.
Bf4 Bg7 8. Qa4+ Bd7 9. Qb3 Qc7 10. e4 O-O 11. Bd3 Na6 12. a3 Rab8 13. O-O Rfe8 14. h3 b5 15. Nxb5 Bxb5 16. Bxb5 Rxe4 17. Bg5 c4 18.
Qc2 Rxb5 19. Bxf6 Re8 20. Bxg7 Kxg7 21. Rfe1 Rxe1+ 22. Rxe1 Rb3 23. Nd2 Rd3 24. Nxc4 Rxd5 25. Qc3+ f6 26. b4 Nb8 27. a4 Re5 28. Rd1 d5 29. Qd4 dxc4 30. b5 Re7 31. Rc1 Rd7 32.
Qe3 Qe5 33. Qxe5 fxe5 34. Rxc4 Kf6 35. Kf1 Ke6 36. Rc8 Rb7 37. Rh8 h5 38. Ke2 Nd7 39. Rg8 Kf7 40. Rc8 Nb6 41. Rc5 Nxa4 42. Rxe5 Rxb5 43.
Re3 Nb6 44. Kf3 a5 45. Ra3 0-1

[Event "*** SCC Grand Prix: Titled Tuesday Blitz"]
[Site "Chess.com"]
[Date "2020.06.02"]
[Round "9"]
[White "sotochess"]
[Black "MYMChessAcademy"]
[Result "0-1"]
[WhiteElo "2249"]
[BlackElo "2424"]
[TimeControl "180+1"]
[EndTime "11:46:35 PDT"]
[Termination "MYMChessAcademy won by resignation"]

1. e4 c5 2. Nf3 d6 3. d4 cxd4 4.
Nxd4 a6 5. c4 e6 6. Nc3 Nf6 7. Be2 Be7 8. O-O O-O 9. Be3 b6 10. f4 Bb7 11. Bf3 Qc7 12. Rc1 Nbd7 13. Re1 Rac8 14. Bf2 Rfd8 15. g4 Qxc4 16. g5 Ne8 17.
Nd5 Qxc1 18. Nxe7+ Kf8 19. Nxc8 Qxd1 20. Rxd1 Rxc8 21.
h4 Nc5 22. e5 Bxf3 23. Nxf3 d5 24. Rc1 Rc7 25. b3 Ke7 26. Kf1 Kd7 27. Ke2 Ne4 28. Rxc7+ Kxc7 29. Be1 g6 30. Kd3 Ng7 31. Nd4 Nf5 32.
Nxf5 exf5 33. Kd4 Kc6 34. a3 Nc5 35. b4 Ne6+ 36. Ke3 d4+ 37. Kf3 Kd5 38. Bd2 b5 0-1

[Event "*** SCC Grand Prix: Titled Tuesday Blitz"]
[Site "Chess.com"]
[Date "2020.06.02"]
[Round "9"]
[White "robertofabregas"]
[Black "CrazyMartian"]
[Result "1-0"]
[WhiteElo "2085"]
[BlackElo "2285"]
[TimeControl "180+1"]
[EndTime "11:46:36 PDT"]
[Termination "robertofabregas won by checkmate"]

1. d4 d5 2. Bf4 Nf6 3. e3 c5 4. c3 Nc6 5. Nd2 Bf5 6. Ngf3 Qb6 7.
dxc5 Qxb2 8. Nd4 Qxc3 9. Nxf5 Qxc5 10. Rc1 Qa5 11. Nd4 Nxd4 12. exd4 e6 13. Bd3 Bb4 14. O-O O-O 15. Rc7 e5 16. Bxe5 Bxd2 17. Rc5 Qb4 18.
Bxf6 gxf6 19. Qg4+ Bg5 20. Qf5 Rfe8 21. Qxh7+ Kf8 22.
Rc7 Re4 23. Qxf7# 1-0

[Event "*** SCC Grand Prix: Titled Tuesday Blitz"]
[Site "Chess.com"]
[Date "2020.06.02"]
[Round "9"]
[White "Walter_White_Poland"]
[Black "HouseOfDurin"]
[Result "0-1"]
[WhiteElo "2153"]
[BlackElo "1985"]
[TimeControl "180+1"]
[EndTime "11:46:36 PDT"]
[Termination "HouseOfDurin won by resignation"]

1. e4 c5 2. c4 Nc6 3. Nc3 e5 4. f4 d6 5. d3 g6 6. Nf3 Bg7 7.
g3 Nge7 8. Bg2 O-O 9. O-O f5 10. Be3 Nd4 11. Nd5 Nxf3+ 12. Bxf3 exf4 13. Bxf4 Nxd5 14. exd5 Bxb2 15. Re1 Qf6 16. Rb1 Bd4+ 17. Kh1 b6 18. Bh6 Rd8 19. Qd2 Bc3 20. Qe3 Bxe1 21. Rxe1 Bd7 22. Bg5 Qf7 23. Bxd8 Rxd8 24. Qf4 Qf6 25. h4 Kg7 26. a4 Re8 27. Ra1 Qxa1+ 28. Kh2 Qe5 29. Qc1 Bxa4 30. Qa1 Qxa1 0-1